 Dungeon Crawl Stone Soup version 0.18-a0-1576-g2b87869 (webtiles) character file.

290 Oddball22 the Insei (level 5, -4/42 HPs)
             Began as a Demigod Transmuter on Mar 17, 2016.
             Slain by an orc priest
             ... wielding a +0 war axe
              (6 damage)
             ... on level 3 of the Dungeon.
             The game lasted 00:06:21 (2989 turns).

Oddball22 the Insei (Demigod Transmuter)            Turns: 2989, Time: 00:06:21

Health: -4/42      AC:  2    Str: 13    XL:     5   Next: 83%
Magic:  9/12       EV: 22    Int: 17    God:
Gold:   126        SH:  0    Dex: 23    Spells: 2 memorised, 5 levels left

rFire  . . .     SeeInvis .       - Unarmed
rCold  . . .     Gourm    .     (armour currently unavailable)
rNeg   . . .     Faith    .     (shield currently unavailable)
rPois  x         Spirit   .     (helmet currently unavailable)
rElec  .         Dismiss  .     (cloak currently unavailable)
rCorr  .         Reflect  .     (gloves currently unavailable)
SustAt +         Harm     .     (boots currently unavailable)
MR     .....                    (no amulet)
Stlth  ++........               (no ring)
                                (no ring)

@: spider-form (expiring), not resistant to hostile enchantments, unstealthy
A: high mp 1, sustain attributes
a: End Transformation


You were on level 3 of the Dungeon.
You were not hungry.
You were a venomous arachnid creature.
You visited 1 branch of the dungeon, and saw 3 of its levels.

You collected 126 gold pieces.

Inventory:

Hand Weapons
 q - a +0 scythe
Missiles
 a - 29 arrows
 m - 8 javelins (quivered)
Armour
 b - a +0 robe (melded)
 l - a +1 helmet (melded)
Scrolls
 e - 3 scrolls of noise {unknown}
 g - 6 scrolls of identify {unknown}
 h - a scroll of recharging {unknown}
 p - a scroll of amnesia {unknown}
 s - 2 scrolls of magic mapping {unknown}
 t - 2 scrolls of random uselessness {unknown}
Potions
 f - 2 potions of curing {unknown}
 i - 2 potions of mutation {unknown}
 j - 3 potions of heal wounds {unknown}
 o - a potion of beneficial mutation {unknown}
 r - 2 potions of degeneration {unknown}
 u - a potion of cure mutation {unknown}
Books
 c - a book of Changes

   Spells                             Type                      Level
   a - Beastly Appendage              Transmutation                1
   b - Sticks to Snakes               Transmutation                2
   c - Spider Form                    Transmutation/Poison         3
   d - Ice Form                       Ice/Transmutation            4
   e - Blade Hands                    Transmutation                5
Comestibles
 d - 4 bread rations
 k - 4 fruits
 n - 10 chunks of flesh


   Skills:
 + Level 2.5 Fighting
 - Level 2.8 Dodging
 + Level 3.4 Unarmed Combat
 - Level 2.8 Spellcasting
 + Level 3.1 Transmutations
 * Level 1.0 Poison Magic


You had 5 spell levels left.
You knew the following spells:

 Your Spells              Type           Power        Failure   Level  Hunger
a - Beastly Appendage     Trmt           ##....       17%         1    #......
b - Spider Form           Trmt/Pois      #.........   45%         3    ###....


Dungeon Overview and Level Annotations

Branches:
Dungeon (3/15)

Annotations:
D:3 Jessica, Natasha


Innate Abilities, Weirdness & Mutations

You have an increased reservoir of magic (+10% MP).
Your attributes are resistant to harm.


Message History

The orc priest mumbles some strange prayers to Beogh against you.
Pain shoots through your body!
* * * LOW HITPOINT WARNING * * *
An orc comes into view. It is wielding a club.
Casting: Beastly Appendage
Confirm with . or Enter, or press ? or * to list all spells.
You turn into a venomous arachnid creature.
Your +1 helmet melds into your body.
Your +0 robe melds into your body.
Your transformation is almost over.
The orc shouts!
An orc comes into view. It is wielding a trident.
The orc priest hits you with a war axe!
* * * LOW HITPOINT WARNING * * *
The orc shouts!
You hit the orc priest but do no damage.
The orc priest is poisoned.
You hit the orc priest.
The orc priest looks even sicker.
The orc priest is lightly wounded.
The orc priest hits you with a war axe.
You die...

#.#
#.#.#######.#......###
#.# #.#.# #...........
#.###.#.# #.######.###
#.......# #.# #.# #
#####.#.# #.# #.# #
###.#.# #.# #.# #
#######...#.#######.#
#.# #
#...........o.......#
#.# #
#.#####o#####s#######
#.# # #.# #.# #.. .
.###.#####.# #.# #
.....o.....# #.#
o###.####### #o# #.#
#o# ... #..


You could see an orc priest and 2 orcs.

Vanquished Creatures
  Sigmund (D:2)
  Natasha (twice) (D:3)
  An adder (D:2)
  An ooze (D:1)
  A worm (D:2)
  4 dart slugs
  4 giant geckos (D:2)
  5 orcs (D:3)
  11 bats
  2 giant cockroaches
  7 goblins
  4 hobgoblins (D:3)
  5 kobolds
  3 giant newts
  7 rats
58 creatures vanquished.

Notes
Turn   | Place    | Note
--------------------------------------------------------------
     0 | D:1      | Oddball22 the Demigod Transmuter began the quest for the Orb.
     0 | D:1      | Reached XP level 1. HP: 15/15 MP: 5/5
    11 | D:1      | Reached skill level 1 in Fighting
   904 | D:1      | Reached XP level 2. HP: 18/23 MP: 5/7
  1603 | D:2      | Found a shattered altar of Ashenzari.
  1625 | D:2      | Reached XP level 3. HP: 19/28 MP: 6/8
  1878 | D:2      | Noticed Sigmund
  1884 | D:2      | Learned a level 3 spell: Spider Form
  1894 | D:2      | Killed Sigmund
  1894 | D:2      | Reached XP level 4. HP: 34/36 MP: 7/10
  1894 | D:2      | Reached XP level 5. HP: 38/41 MP: 8/12
  2431 | D:2      | Found a shimmering altar of Xom.
  2606 | D:3      | Noticed Natasha
  2636 | D:3      | Noticed Jessica
  2651 | D:3      | Killed Natasha
  2791 | D:3      | Noticed Natasha
  2803 | D:3      | Killed Natasha
  2857 | D:3      | Found a sacrificial altar of Ru.
  2864 | D:3      | Noticed Natasha
  2880 | D:3      | Reached skill level 1 in Poison Magic
  2987 | D:3      | HP: 2/42 [orc priest/war axe (11)]
  2989 | D:3      | Slain by an orc priest

Vault maps used:
D:1:      zelgadis_glass_arrival_small
D:2:      old_standard_altar, first_bread, tgw_xom, uniq_sigmund
D:3:      overflow_temple_1_default, uniq_jessica, uniq_natasha

Skill      XL: |  1  2  3  4  5 |
---------------+----------------+-----
Fighting       | 1 2 |  2.5
Spellcasting   | 2 |  2.8
Dodging        | 2 |  2.8
Transmutations | 2 3 |  3.1
Unarmed Combat | 3 |  3.4
Poison Magic   | 1 |  1.0

Action                   |  1- 3 |  4- 6 || total
-------------------------+-------+-------++-------
Melee: Unarmed           |    68 |   129 ||   197
 Cast: Beastly Appendage |     6 |     9 ||    15
       Spider Form       |     1 |     4 ||     5
 Stab: Sleeping          |     2 |     3 ||     5
  Eat: Chunk             |     3 |     4 ||     7
